Unix NetHack Version 5.0.0-0 post-release - last build Jun 10 2026 00:39:30 (3ee93aec679c4c4259841fe613dc97188e26a321,branch:main).

Game began 2026-06-21 01:13:00, ended 2026-06-21 01:52:12.

Drastanta, lawful male human Samurai

                                                     -------------
                                                   .%-^%.........|
                                                ------..------...--
                                               --......-|    |--..----
                                               |........|    |.......--
                                               --......--  ---........|
                                                --------  --.).---...--
                                   -------              ---...-- -----
                                   ......-   ------------...--|
                                   ........---.......@c.......--
                                   ............---.----------..--
                              ...................---        |-..--
                              ....)..[.).)..).....(|        |.-..----
                        ---......)..*))...*........|        |.......--
                        |.......^............    .)---      --*......|
                        ----..0.^..-------)........^.|       |--.).-|-
                           |.......|     |.)....[|...|       |.....|.
                           ---------     -------------       -------
Drastanta the Ninja    St:18 Dx:17 Co:18 In:10 Wi:10 Ch:6  Lawful
Dlvl:11 $:197 HP:0(68) Pw:30(30) AC:-5 Xp:8 T:5109  Stone

Latest messages:
 You finish your prayer.
 You feel that Amaterasu Omikami is well-pleased.
 You feel much better.
 Hachi picks up a rock.
 Hachi misses it.
 The warhorse misses!
 The warhorse bites!
 The warhorse misses!
 The warhorse bites!
 You hit the warhorse!
 The warhorse misses!
 The warhorse bites!
 The warhorse kicks!
 The warhorse bites!
 You hit the warhorse!
 The warhorse just misses!
 The warhorse bites!
 The warhorse kicks!
 The warhorse bites!
 You hit the warhorse!
 The warhorse kicks!
 The warhorse misses!
 The warhorse kicks!
 The warhorse bites!
 You kill the warhorse!
 Hachi eats a warhorse corpse.
 c - a +0 yumi (weapon in left hand).
 a - a corroded +0 katana (alternate weapon; not wielded).
 You can hear again.
 You begin bashing monsters with your yumi.
 You hit the cockatrice.
 You hit the cockatrice.
 You miss the cockatrice.
 You hit the cockatrice.
 The cockatrice bites!
 The cockatrice touches you!
 You hear the cockatrice's hissing!
 You are slowing down.
 What do you want to eat? [sR or ?*] ?
 Never mind.
 Are you sure you want to pray? [yn] (n) y
 You begin praying to Amaterasu Omikami.
 The cockatrice bites!
 The cockatrice touches you!
 Your limbs are stiffening.
 Your limbs have turned to stone.
 You have turned to stone.
 You are a statue.
 Do you want your possessions identified? [ynq] (y) y
 Do you want to see your attributes? [ynq] (y) q

Inventory:
 Coins    ('$')
  $ - 197 gold pieces
 Amulets  ('"')
  x - an uncursed amulet of reflection
 Weapons  (')')
  t - a blessed +0 arrow
  d - 18 +0 ya (in quiver)
  c - a +0 yumi (weapon in left hand)
  a - a corroded +0 katana (alternate weapon; not wielded)
  b - a +0 wakizashi
 Armor    ('[')
  l - a blessed rusty +3 orcish helm (being worn)
  u - a blessed +1 pair of iron shoes (being worn)
  V - an uncursed +0 elven shield (being worn)
  k - an uncursed +0 cloak of magic resistance (being worn)
  Z - an uncursed +0 oilskin cloak
  X - an uncursed +0 dwarvish mithril-coat (being worn)
 Comestibles  ('%')
  s - 3 uncursed gunyoki
  R - an uncursed tripe ration
 Scrolls  ('?')
  e - an uncursed scroll of amnesia
  C - an uncursed scroll of blank paper
  Y - a blessed scroll of create monster
  g - 2 uncursed scrolls of create monster
  S - an uncursed scroll of enchant weapon
  o - an uncursed scroll of identify
  r - an uncursed scroll of light
  n - a cursed scroll of remove curse
 Potions  ('!')
  z - an uncursed potion of gain ability
  B - an uncursed potion of gain energy
  O - an uncursed potion of gain level
  W - a cursed potion of object detection
  f - 2 uncursed potions of water
 Rings    ('=')
  q - a cursed ring of teleportation
 Wands    ('/')
  v - a wand of light (0:14)
  K - a wand of make invisible (0:6)
  D - a wand of probing (0:5)
  h - a wand of stasis (0:2)
 Tools    ('(')
  w - an empty uncursed sack
  E - an uncursed brass lantern (lit)
  p - an uncursed leash
  m - an uncursed osaku
  y - a +0 pick-axe
  I - an uncursed towel
 Gems/Stones  ('*')
  j - an uncursed flint stone

Drastanta the Samurai's attributes:

Background:
 You were a Ninja, a level 8 male human Samurai.
 You were lawful, on a mission for Amaterasu Omikami
 who was opposed by Raijin (neutral) and Susanowo (chaotic).
 You were left-handed.
 You were in the Gnomish Mines, on level 11.
 You entered the dungeon 5109 turns ago.
 It was nighttime.
 You had 1735 experience points, 825 more were needed to attain level 9.

Basics:
 You had 0 out of 68 hit points.
 You had all 30 energy points (spell power).
 Your armor class was -5.
 Your wallet contained 197 zorkmids.
 Autopickup was on for '$' plus thrown.

Final Characteristics:
 Your strength was 18 (limit:18/100).
 Your dexterity was 17 (limit:18).
 Your constitution was 18 (limit:18).
 Your intelligence was 10 (limit:18).
 Your wisdom was 10 (limit:18).
 Your charisma was 6 (limit:18).

Final Status:
 You turned into stone.
 You weren't hungry.
 You were unencumbered.
 You were wielding a bow.
 You had basic skill with bow.

Final Attributes:
 You were piously aligned.
 You were magic-protected.
 You were sleep resistant.
 You were guarded.
 You are dead.

Miscellaneous:
 You didn't encounter any bones levels.
 Total elapsed playing time was 39 minutes and 12 seconds.

Major events:
 Turn
    1: Drastanta the lawful male human Samurai entered the dungeon
  453: attained the rank of Ronin (level 3)
  714: entered the Gnomish Mines
 1288: attained the rank of Ninja (level 6)
 1592: reached Mine Town
 5109: petrified by a cockatrice

You didn't know any spells.

Skills:
 Fighting Skills
   martial arts      [Basic]
   two weapon combat [Unskilled]
   riding            [Unskilled]
 Weapon Skills
   dagger            [Unskilled]
   knife             [Unskilled]
   short sword       [Basic]
   broadsword        [Unskilled]
   long sword        [Expert]
   two-handed sword  [Unskilled]
   saber             [Unskilled]
   flail             [Unskilled]
   quarterstaff      [Unskilled]
   polearms          [Unskilled]
   spear             [Unskilled]
   lance             [Unskilled]
   bow               [Basic]
   shuriken          [Unskilled]
 Spellcasting Skills
   attack spells     [Unskilled]
   divination spells [Unskilled]
   clerical spells   [Unskilled]

Voluntary challenges:
 Character rerolling was not enabled.
 You never genocided any monsters.
 You never polymorphed an object.
 You never changed form.
 You used no wishes.
Achievements:
 You entered a shop.
 You attained the rank of Ronin.
 You entered the Gnomish Mines.
 You attained the rank of Ninja.
 You entered Minetown.
 You entered a temple.

 The Dungeons of Doom: levels 1 to 3
    Level 1:
       Some fountains.
    Level 2:
       A general store, some fountains.
       Stairs down to The Gnomish Mines.
    Level 3:
       A fountain.
 The Gnomish Mines: levels 3 to 11
    Level 3:
    Level 4:
    Level 5:
    Level 6:
       Many shops, a temple and an altar to Amaterasu Omikami, some fountains.
    Level 7:
    Level 8:
    Level 9:
    Level 10:
    Level 11: <- You were here.
       Final resting place for
          you, petrified by a cockatrice.


Vanquished creatures:
  2 large mimics
  a small mimic
  a warhorse
  a wood golem
 an ochre jelly
  a giant beetle
  a quivering blob
  a cockatrice
  2 winter wolf cubs
  a spotted jelly
  a giant spider
  a vampire bat
  a gnome ruler
  a gold golem
  2 Green-elves
  3 lizards
  3 chickatrices
  a dingo
  a housecat
  a jaguar
  a plains centaur
  a rope golem
  a soldier ant
  a quasit
  a wood nymph
  a water nymph
  2 Mordor orcs
  a rock mole
  a fog cloud
  a yellow light
 18 gnome leaders
  4 gnomish wizards
  a gray ooze
  a barrow wight
  a ghoul
  a straw golem
  a little dog
  a floating eye
 11 dwarves
  2 homunculi
  4 orc zombies
  a dwarf zombie
 an acid blob
  4 hobbits
  6 manes
  a large kobold
  a hobgoblin
  3 giant rats
 65 gnomes
  3 geckos
  3 jackals
  a fox
  a kobold
  a goblin
  3 grid bugs
  3 lichens
  a kobold zombie
  3 newts
184 creatures vanquished.

No species were genocided or became extinct.

Game over:
                       ----------
                      /          \
                     /    REST    \
                    /      IN      \
                   /     PEACE      \
                  /                  \
                  |    Drastanta     |
                  |      197 Au      |
                  |  petrified by a  |
                  |    cockatrice    |
                  |                  |
                  |                  |
                  |       2026       |
                 *|     *  *  *      | *
        _________)/\\_//(\/(/\)/\//\/|_)_______

Sayonara Drastanta the Samurai...

You turned to stone in The Gnomish Mines on dungeon level 11 with 11464 points,
and 197 pieces of gold, after 5109 moves.
You were level 8 with a maximum of 68 hit points when you turned to stone.

